 Dungeon Crawl Stone Soup version 0.28-a0-1206-g193881aaa2 (webtiles) character file.

Game seed: 3639306044563468082

172 HoaS the Twirler (level 5, 0/31 HPs)
             Began as a Gargoyle Gladiator on Dec 20, 2021.
             Killed by divine providence
             ... invoked by an orc priest
              (12 damage)
             ... on level 4 of the Dungeon.
             The game lasted 00:06:54 (2323 turns).

HoaS the Twirler (Gargoyle Gladiator)               Turns: 2323, Time: 00:06:54

Health: 0/31       AC: 15    Str: 19    XL:     5   Next: 53%
Magic:  5/5        EV:  8    Int:  9    God:
Gold:   98         SH:  0    Dex: 11    Spells: 4/4 levels left

rFire   . . .      SeeInvis .   a - +0 quarterstaff
rCold   . . .      Faith    .   (shield currently unavailable)
rNeg    + . .      Spirit   .   n - +0 chain mail
rPois   ∞          Reflect  .   c - +0 helmet
rElec   +          Harm     .   e - +0 cloak
rCorr   .          Rampage  .   (no gloves)
Will    .....                   (no boots)
Stlth   ..........              (no amulet)
HPRegen 0.10/turn               (no ring)
MPRegen 0.09/turn               (no ring)

@: no status effects
A: sickness immunity, AC +4, negative energy resistance 1, electricity
resistance, torment resistance 1, petrification resistance
a: no special abilities


You were on level 4 of the Dungeon.
You visited 1 branch of the dungeon, and saw 4 of its levels.

You collected 98 gold pieces.

Inventory:

Hand Weapons
 a - a +0 quarterstaff (weapon)
Missiles
 d - 3 throwing nets (quivered)
 g - 34 bolts
Armour
 c - a +0 helmet (worn)
 e - a +0 cloak (worn)
 n - a +0 chain mail (worn)
Wands
 j - a wand of flame (12)
Scrolls
 k - 2 scrolls of teleportation
Potions
 f - a potion of lignification
 h - 2 potions of heal wounds
 l - a potion of attraction
 m - 2 potions of invisibility


   Skills:
 - Level 2.4 Fighting
 * Level 5.0 Staves
 - Level 1.7 Throwing
 - Level 2.4 Armour
 - Level 3.0 Dodging


You had 4 spell levels left.
You didn't know any spells.
Your spell library was empty.

Dungeon Overview and Level Annotations

Branches:
Dungeon (4/15)
 Temple: D:4-7

Altars:
Ashenzari
Gozag
Nemelex Xobeh

Shops:
D:1 (=


Innate Abilities, Weirdness & Mutations

You are immune to sickness and miasma.
Your stone body is resilient. (AC +4)
You are immune to poison.
You resist negative energy. (rN+)
You are resistant to electric shocks. (rElec)
You are resistant to unholy torment.
You are immune to petrification.


Message History

You start putting on your armour.
You continue putting on your +0 chain mail. x5
You finish putting on your +0 chain mail.
Drop what? 14/52 slots (_ for help) (? for menu, Esc to quit)
You drop a +0 scale mail.
As you read the scroll of identify, it crumbles to dust.
m - 2 potions of invisibility You open the door.
Found 20 stones.
There is an open door here.
Found a stone staircase leading down.
An orc priest comes into view. It is wielding a +0 trident.
The orc priest shouts!
You hear a shout!
An orc wizard comes into view. It is wielding a +0 dagger.
An orc comes into view. It is wielding a +0 hand axe.
The orc wizard shouts!
You hear a shout!
You start waiting.
An orc priest is nearby!
The orc priest hits you with a +0 trident.
You closely miss the orc priest. You hit the orc wizard.
The orc wizard is lightly wounded.
The orc priest invokes the aid of Beogh against you.
Beogh smites you!
The orc wizard hits you with a +0 dagger.
You hear a shout!
You miss the orc wizard.
The orc wizard is lightly wounded.
The orc priest barely misses you.
The orc wizard hits you with a +0 dagger.
You closely miss the orc wizard.
The orc wizard is lightly wounded.
The orc priest barely misses you.
The orc wizard hits you with a +0 dagger.
You sock the orc priest!
The orc priest is heavily wounded.
The orc priest invokes the aid of Beogh against you.
Beogh smites you!
You die...

###### #.(..# #..oo#######
+..@#......# #...#......#
#...#......# #...#......#
##..#......#
####+##########'###...>...
......#...........#....oo...
......'....[......#....o....
......#...........#.........


You could see an orc priest and an orc wizard.

Vanquished Creatures
  A phantom (D:3)
  A centaur skeleton (D:3)
  Natasha (D:2)
  A dart slug (D:1)
  An orc (D:4)
  5 ball pythons (D:1)
  A bat (D:1)
  2 endoplasms
  7 giant cockroaches
  A goblin (D:1)
  3 hobgoblins
  2 quokkas (D:1)
  2 frilled lizards
  6 kobolds
  4 rats
38 creatures vanquished.

Notes
Turn   | Place    | Note
-------+----------+-------------------------------------------
     0 | D:1      | HoaS the Gargoyle Gladiator began the quest for the Orb.
     0 | D:1      | Reached XP level 1. HP: 12/12 MP: 1/1
    79 | D:1      | Found Viumixze's Antique Weapon Emporium.
   122 | D:1      | Reached XP level 2. HP: 18/18 MP: 2/2
   355 | D:1      | Reached skill level 1 in Armour
   627 | D:1      | Found Selem's One-of-a-Kind Rings.
   694 | D:1      | Reached XP level 3. HP: 22/22 MP: 3/3
   718 | D:1      | Found a faded altar of an unknown god.
  1475 | D:2      | Noticed Natasha
  1482 | D:2      | Killed Natasha
  1483 | D:2      | Reached XP level 4. HP: 27/27 MP: 4/4
  1816 | D:3      | Found an opulent altar of Gozag.
  1846 | D:3      | Noticed a phantom
  1860 | D:3      | Killed a phantom
  1861 | D:3      | Reached skill level 4 in Staves
  1861 | D:3      | Reached XP level 5. HP: 25/31 MP: 5/5
  2050 | D:3      | Found a sparkling altar of Nemelex Xobeh.
  2075 | D:3      | Found a broken altar of Ashenzari.
  2253 | D:4      | Reached skill level 5 in Staves
  2323 | D:4      | Killed from afar by an orc priest

Illustrated notes

Levels and vault maps discovered:
D:1:      dpeg_arrival_solitude, layout_basic,
          hellmonk_ecumenical_altar_crossroads, serial_shops, shop,
          minmay_strange_pillars, minmay_misc_feat_secret_circle,
          minmay_misc_feat_nine_boxes, nicolae_shop_unique_rings,
          kennysheep_small_spiral
D:2:      layout_loops_cross, roderic_lattice_a, lemuel_old_faithful,
          uniq_natasha
D:3:      layout_basic, cheibrodos_ashenzari_chains, nicolae_gozag_seed_capital,
          marbit_many_paths
D:4:      layout_gridville, minmay_checkerbox

Skill      XL: |  1  2  3  4  5 |
---------------+----------------+-----
Armour         | 1 2 |  2.4
Staves         | 4 5 |  5.0
Dodging        | 3 |  3.0
Fighting       | |  2.4
Throwing       | |  1.7

Action                   |  1- 3 |  4- 6 || total
-------------------------+-------+-------++-------
Melee: Quarterstaff      |    79 |    40 ||   119
  Use: Scroll            |     5 |     4 ||     9
Armor: Leather armour    |    17 |       ||    17
       Scale mail        |    14 |    29 ||    43
Dodge: Dodged            |    56 |    25 ||    81

Table legend: (Time is in decaauts)
 A = Elapsed time spent in this place.
 B = Non-inter-level travel time spent in this place.
 C = Inter-level travel time spent in this place.
 D = Time resting spent in this place.
 E = Time spent auto-exploring this place.
 F = Levels seen in this place.
 G = Mean time per level.
                   A        B        C        D        E       F      G
               +--------+--------+--------+--------+--------+-----+--------+
         Total |   2344 |   2295 |     49 |     61 |   1884 |   4 |  586.0 |
       Dungeon |   2344 |   2295 |     49 |     61 |   1884 |   4 |  586.0 |
               +--------+--------+--------+--------+--------+-----+--------+

Top non-repeatable levels by time:
     D:1: 1050 daAuts
     D:2: 692 daAuts
     D:3: 516 daAuts
     D:4: 84 daAuts
